 Dungeon Crawl Stone Soup version 0.28-a0-413-gde365fb1df (webtiles) character file.

Game seed: 11315746903575545714

4 aSlayers the Sneak (level 1, 0/14 HPs)
             Began as an Octopode Brigand on Sept 7, 2021.
             Slain by a jackal (1 damage)
             ... on level 1 of the Dungeon.
             The game lasted 00:00:28 (182 turns).

aSlayers the Sneak (Octopode Brigand)                Turns: 182, Time: 00:00:28

Health: 0/14       AC:  1    Str: 10    XL:     1   Next: 60%
Magic:  1/1        EV: 12    Int: 13    God:
Gold:   15         SH:  0    Dex: 13    Spells: 0/0 levels left

rFire   . . .      SeeInvis .   a - +2 dagger
rCold   . . .      Faith    .   (no shield)
rNeg    . . .      Spirit   .   (helmet restricted)
rPois   .          Reflect  .   (no amulet)
rElec   .          Harm     .   (no ring)
rCorr   .          Rampage  .   (no ring)
Will    .....                   (no ring)
Stlth   ++++......              (no ring)
HPRegen 0.04/turn               (no ring)
MPRegen 0.07/turn               (no ring)
                                (no ring)
                                (no ring)

@: no status effects
A: almost no armour, amphibious, 8 rings, camouflage 1, gelatinous body 1,
(nimble swimmer 1), tentacles
a: no special abilities


You were on level 1 of the Dungeon.
You visited 1 branch of the dungeon, and saw 1 of its levels.

You collected 15 gold pieces.

Inventory:

Hand Weapons
 a - a +2 dagger (weapon)
Missiles
 b - 8 poisoned darts (quivered)
 c - 2 curare-tipped darts


   Skills:
 + Level 2.0 Fighting
 + Level 2.0 Short Blades
 + Level 2.0 Throwing
 + Level 1.0 Dodging
 + Level 5.5 Stealth


You couldn't memorise any spells.
You didn't know any spells.
Your spell library was empty.

Dungeon Overview and Level Annotations

Branches:
Dungeon (1/15)

Altars:


Innate Abilities, Weirdness & Mutations

You cannot wear most types of armour.
You are amphibious.
You can wear up to eight rings at the same time.
Your skin changes colour to match your surroundings (Stealth+).
Your rubbery body absorbs attacks. (AC +1, EV +1)
((You are camouflaged near water. (Stealth+)))
You have tentacles for arms and can constrict up to eight enemies at once.


Message History

No target in view!
No target in view!
Things that are here:
a +0 dagger; a goblin corpse A frilled lizard and a jackal come into view.
The jackal barks!
A jackal comes into view.
There are monsters nearby!
There are monsters nearby!
Found a stone staircase leading down.
The jackal barely misses you. The jackal bites you. x2
You hit the jackal but do no damage. You grab the jackal.
You constrict the jackal.
The jackal bites you but does no damage.
The jackal bites you.
You hit the jackal.
The jackal is heavily wounded.
You constrict the jackal. The jackal bites you. x3
* * * LOW HITPOINT WARNING * * *
The frilled lizard bites you.
* * * LOW HITPOINT WARNING * * *
You are too injured to fight recklessly!
You are too injured to fight recklessly!
You are too injured to fight recklessly!
You are too injured to fight recklessly!
You are too injured to fight recklessly!
You are too injured to fight recklessly!
You are too injured to fight recklessly!
You release your grip on the jackal.
The jackal barely misses you. The jackal barely misses you.
The jackal barely misses you. The jackal bites you.
* * * LOW HITPOINT WARNING * * *
The jackal bites you.
* * * LOW HITPOINT WARNING * * *
You hit the jackal. Your grab misses the jackal.
The jackal is almost dead.
The jackal bites you.
* * * LOW HITPOINT WARNING * * *
The jackal bites you.
You die...

.....###.##>. ... ......
..##.##... ....###.........
...#......#.... ##
#............. .####
########............. #..[##
#....h.......#.......
####.##
#...@h..l............ ##.#
#............##...... #.##
#######......##...... # ##.#
####.....)##+##..# #
#.#########.................
+
#......††.#.............#.##
#
#.#...)...................#
#
#.##................##+##.#
.#####................ .


You could see 2 jackals and a frilled lizard.

Vanquished Creatures
  A goblin (D:1)
  A hobgoblin (D:1)
  A kobold (D:1)
  A rat (D:1)
4 creatures vanquished.

Notes
Turn   | Place    | Note
-------+----------+-------------------------------------------
     0 | D:1      | aSlayers the Octopode Brigand began the quest for the Orb.
     0 | D:1      | Reached XP level 1. HP: 14/14 MP: 1/1
   182 | D:1      | Slain by a jackal

Illustrated notes

Levels and vault maps discovered:
D:1:      dpeg_arrival_another_circle, layout_basic,
          hellmonk_ecumenical_altar_inner_sanctum, minmay_misc_feat_pillars

Action                   || total
-------------------------++-------
Melee: Dagger            ||     9
       Constrict         ||     3
       Tentacles         ||     1
 Stab: Sleeping          ||     1
Armor: Skin              ||     2
Dodge: Dodged            ||     7

Table legend: (Time is in decaauts)
 A = Elapsed time spent in this place.
 B = Non-inter-level travel time spent in this place.
 C = Inter-level travel time spent in this place.
 D = Time resting spent in this place.
 E = Time spent auto-exploring this place.
 F = Levels seen in this place.
 G = Mean time per level.
                   A        B        C        D        E       F      G
               +--------+--------+--------+--------+--------+-----+--------+
         Total |    181 |    181 |      0 |      0 |    140 |   1 |  181.0 |
       Dungeon |    181 |    181 |      0 |      0 |    140 |   1 |  181.0 |
               +--------+--------+--------+--------+--------+-----+--------+

Top non-repeatable levels by time:
     D:1: 181 daAuts
